 Dungeon Crawl Stone Soup version 0.31.0-9-g3a7656b989 (webtiles) character file.

Game seed: 16638890878899319440

1670 qw the Skirmisher (level 8, 0/42 HPs)
             Began as a Spriggan Hunter on Feb 3, 2024.
             Slain by an orc priest
             ... wielding a +0 trident
              (3 damage)
             ... on level 6 of the Dungeon.
             The game lasted 00:01:34 (4457 turns).

qw the Skirmisher (Spriggan Hunter)                 Turns: 4457, Time: 00:01:35

Health: 0/42       AC:  4    Str:  5    XL:     8   Next: 70%
Magic:  9/9        EV: 24    Int: 10    God:
Gold:   106        SH:  4    Dex: 21    Spells: 7/7 levels left

rFire   . . .        f - +3 sling (heavy)
rCold   . . .        (no shield)
rNeg    + . .        h - +2 animal skin
rPois   .            (helmet restricted)
rElec   .            (no cloak)
rCorr   .            (gloves unavailable)
SInv    +            (boots unavailable)
Will    +....        l - amulet of faith
Stlth   ++           g - ring of positive energy
HPRegen 0.27/turn    (no ring)
MPRegen 0.11/turn

%: faith
@: about to teleport, hasted, very quick
A: very small, no large weapons, unfitting armour, see invisible, speed 3, large
bone plates 1, weak 1
a: no special abilities


You were on level 6 of the Dungeon.
You visited 1 branch of the dungeon, and saw 6 of its levels.
You also visited: Sewer.

You collected 244 gold pieces.
You spent 138 gold pieces at shops.


Innate Abilities, Weirdness & Mutations

You are very small and have problems with some larger weapons.
You are too small for most types of armour.
You have supernaturally acute eyesight. (SInv)
You cover ground extremely quickly. (Speed+++)
You are partially covered in large bone plates. (SH +4)
You are weak. (Str -2)


   Skills:
 - Level 3.8 Fighting
 - Level 9.1 Ranged Weapons
 + Level 8.7 Dodging
 - Level 1.5 Stealth


You had 7 spell levels left.
You didn't know any spells.
Your spell library was empty.

Inventory:

Hand Weapons
 f - a +3 heavy sling (weapon)
Armour
 h - a +2 animal skin (worn)
 m - a +0 cloak
Jewellery
 g - a ring of positive energy (left hand)
 l - an amulet of faith (around neck)
Wands
 a - a wand of polymorph (14)
Scrolls
 d - 2 scrolls of enchant armour
 k - 3 scrolls of teleportation
 o - 3 scrolls of brand weapon
Potions
 c - a potion of haste
 e - a potion of might {unknown}
 i - 2 potions of mutation
 j - 2 potions of curing
 p - a potion of cancellation {unknown}
 q - a potion of enlightenment {unknown}

Dungeon Overview and Level Annotations

Branches:
Dungeon (6/15)              Sewer (visited)
 Temple: D:4-7

Altars:
Ashenzari
Hepliaklqana
Sif Muna
Uskayaw
Wu Jian
Xom

Shops:
D:1 [   D:4 ?

Annotations:
D:4 1 runed translucent door, qw's ghost, amateur DEHu
D:6 exclusion: 2 electric eels


Message History

The orc priest misses you.
You shoot a sling bullet. The sling bullet hits the killer bee!
You kill the killer bee!
The killer bee closely misses you. The orc priest barely misses you.
You shoot a sling bullet. The sling bullet hits the killer bee!
You kill the killer bee!
The orc priest closely misses you.
An orc comes into view. It is wielding a +0 short sword.
A bullfrog comes into view.
You shoot a sling bullet.
The sling bullet barely misses the orc priest.
The sling bullet hits the orc!!
You kill the orc!
The orc priest misses you.
The orc priest casts a cantrip, but nothing happens.
You shoot a sling bullet. The sling bullet barely misses the orc.
The orc priest calls down the wrath of Beogh upon you.
Beogh smites you! The orc closely misses you.
4452 ||| READING 4 scrolls of teleportation.
As you read the scroll of teleportation, it crumbles to dust.
You feel strangely unstable.
4453 ||| DRINKING potion of heal wounds.
You feel much better. The orc priest misses you. The orc completely misses you.
You shoot a sling bullet.
The sling bullet closely misses the orc.
The bullfrog snags a nearby millipede with its tongue.
You block the orc priest's attack. The orc hits you with a +0 short sword.
You shoot a sling bullet. The sling bullet barely misses the orc.
The orc hits you with a +0 short sword.
The orc priest mumbles some strange prayers to Beogh against you.
Beogh smites you!
You shoot a sling bullet. The sling bullet barely misses the orc.
The orc priest begins to cast a cantrip, but forgets the words!
The orc priest calls down the wrath of Beogh upon you.
Beogh smites you! The orc hits you with a +0 short sword.
You shoot a sling bullet.
The sling bullet closely misses the orc.
The orc priest hits you from afar with a +0 trident.
You die...

### ##### ###### ..#
#...# #....' .+
..###...######.####o..#
..'...........%o@%oF..+
..#............####o..#
..#.#...#####..# .#
###.##### #...# ###+###
#....# ......# .......
......# ...##...#
......# .... ##..
......+ .... ##y


You could see a bullfrog, 2 orc priests and 2 orcs.

Vanquished Creatures
  Grinder (D:3)
  A black bear (D:6)
  2 ogres
  3 phantoms
  2 brain worms (Sewer)
  A scorpion (D:5)
  5 killer bees (D:6)
  2 bombardier beetles
  3 hounds (D:5)
  A jelly (D:5)
  An orc priest (D:5)
  A sleepcap (D:4)
  Terence (D:3)
  2 orc wizards
  Robin (D:3)
  13 adders
  2 river rats (Sewer)
  A shadow imp (D:5)
  A white imp (D:5)
  An ufetubus (D:6)
  3 dart slugs
  3 ribbon worms
  10 orcs
  7 ball pythons
  4 endoplasms
  14 goblins
  4 hobgoblins
  11 bats
  3 frilled lizards (Sewer)
  4 kobolds
  12 rats
120 creatures vanquished.

Vanquished Creatures (others)
  An ufetubus (D:6)
  An orc (D:6)
2 creatures vanquished.

Grand Total: 122 creatures vanquished

Notes
Turn   | Place    | Note
-------+----------+-------------------------------------------
     0 | D:1      | qw the Spriggan Hunter began the quest for the Orb.
     0 | D:1      | Reached XP level 1. HP: 10/10 MP: 2/2
     0 | D:1      | 0 ||| qw: Version: 0.3-a-155-g5e7d8dd
     0 | D:1      | 0 ||| qw: Game counter: 2944
     0 | D:1      | 0 ||| qw: Melee chars always use a shield: true
     0 | D:1      | 0 ||| qw: God list: Okawaru
     0 | D:1      | 0 ||| qw: Allow faded altars: false
     0 | D:1      | 0 ||| qw: Do Orc after clearing Dungeon:15 true
     0 | D:1      | 0 ||| qw: Do second Lair branch before Depths: true
     0 | D:1      | 0 ||| qw: Lair rune preference: random
     0 | D:1      | 0 ||| qw: Goals: Normal
     0 | D:1      | 0 ||| PLANNING D:1-11
    33 | D:1      | Reached skill level 3 in Dodging
    56 | D:1      | Found a faded altar of an unknown god.
    76 | D:1      | 76 ||| SWAPPING to +2 heavy sling.
    77 | D:1      | 77 ||| DROPPING +0 shortbow.
   143 | D:1      | Found Irrox's Antique Armour Shop.
   146 | D:1      | 146 ||| SHOPLISTING translucent robe (136 gold, have 17).
   153 | D:1      | Reached XP level 2. HP: 14/14 MP: 3/3
   422 | D:1      | 422 ||| UPGRADING to ring of positive energy.
   423 | D:1      | 423 ||| READING 2 scrolls labelled LIFUQUORHA.
   423 | D:1      | 423 ||| IDENTIFYING fuming cyan potion
   424 | D:1      | 424 ||| READING scroll of identify.
   424 | D:1      | 424 ||| IDENTIFYING fizzy silvery potion
   425 | D:1      | 425 ||| DROPPING scroll of butterflies.
   426 | D:1      | 426 ||| DROPPING potion of berserk rage.
   520 | D:2      | Reached XP level 3. HP: 18/18 MP: 4/4
  1227 | D:2      | 1227 ||| READING scroll of identify.
  1227 | D:2      | 1227 ||| IDENTIFYING lumpy emerald potion
  1228 | D:2      | 1228 ||| READING scroll labelled IMMYNU LEWU.
  1329 | D:2      | 1329 ||| READING scroll labelled KAXOEN ONAGYC.
  1341 | D:3      | 1341 ||| PLANNING SEWER
  1421 | D:3      | Reached skill level 5 in Ranged Weapons
  1429 | D:3      | Noticed Grinder
  1430 | D:3      | 1430 ||| DRINKING potion of haste.
  1440 | D:3      | Reached XP level 4. HP: 10/22 MP: 5/5
  1441 | D:3      | HP: 4/22 [Grinder/nerve-wracking pain (5)]
  1442 | D:3      | 1442 ||| READING scroll of teleportation.
  1442 | D:3      | Paralysed by Grinder for 2 turns
  1445 | D:3      | 1445 ||| DRINKING potion of heal wounds.
  1614 | D:3      | Noticed an ogre
  1615 | D:3      | 1615 ||| ZAPPING wand of flame (19) at 6,0 (ogre; floor).
  1616 | D:3      | 1616 ||| ZAPPING wand of flame (18) at 5,0 (ogre; floor).
  1617 | D:3      | 1617 ||| ZAPPING wand of flame (17) at 4,0 (ogre; floor).
  1618 | D:3      | 1618 ||| ZAPPING wand of flame (16) at 3,0 (ogre; floor).
  1619 | D:3      | 1619 ||| ZAPPING wand of flame (15) at 2,0 (ogre; floor).
  1620 | D:3      | 1620 ||| ZAPPING wand of flame (14) at 1,0 (ogre; floor).
  1621 | D:3      | 1621 ||| ZAPPING wand of flame (13) at 1,0 (ogre; floor).
  1621 | D:3      | Killed an ogre
  1622 | D:3      | Reached skill level 6 in Dodging
  1622 | D:3      | Reached XP level 5. HP: 25/25 MP: 6/6
  1667 | D:3      | 1667 ||| ZAPPING wand of flame (12) at -5,4 (Grinder;
                  | floor).
  1668 | D:3      | 1668 ||| FLEEEEING.
  1673 | D:3      | 1673 ||| ZAPPING wand of flame (11) at -1,2 (Grinder;
                  | floor).
  1674 | D:3      | 1674 ||| ZAPPING wand of flame (10) at 0,1 (Grinder;
                  | floor).
  1675 | D:3      | 1675 ||| ZAPPING wand of flame (9) at 0,1 (Grinder; floor).
  1676 | D:3      | 1676 ||| ZAPPING wand of flame (8) at 0,1 (Grinder; floor).
  1677 | D:3      | 1677 ||| ZAPPING wand of flame (7) at 0,1 (Grinder; floor).
  1678 | D:3      | 1678 ||| ZAPPING wand of flame (6) at 0,-2 (Grinder;
                  | floor).
  1679 | D:3      | 1679 ||| ZAPPING wand of flame (5) at 0,-1 (Grinder;
                  | floor).
  1680 | D:3      | 1680 ||| ZAPPING wand of flame (4) at 0,-1 (Grinder;
                  | floor).
  1681 | D:3      | 1681 ||| ZAPPING wand of flame (3) at 0,-1 (Grinder;
                  | floor).
  1682 | D:3      | 1682 ||| ZAPPING wand of flame (2) at 0,-1 (Grinder;
                  | floor).
  1683 | D:3      | 1683 ||| ZAPPING wand of flame (1) at 0,-1 (Grinder;
                  | floor).
  1683 | D:3      | Killed Grinder
  1684 | D:3      | Reached skill level 3 in Fighting
  1684 | D:3      | Reached XP level 6. HP: 25/33 MP: 7/7
  1699 | D:3      | Noticed Terence
  1716 | D:3      | Killed Terence
  1717 | D:3      | 1717 ||| FLEEEEING.
  1848 | D:3      | Found a faded altar of an unknown god.
  1848 | D:3      | Found a faded altar of an unknown god.
  1855 | D:3      | Found a shimmering blue altar of Sif Muna.
  1857 | D:3      | Noticed Robin
  1870 | D:3      | Killed Robin
  1920 | D:3      | Found a hide-covered altar of Uskayaw.
  1922 | D:3      | Found a shimmering altar of Xom.
  2043 | D:3      | Found a glowing drain.
  2044 | D:3      | 2044 ||| UPGRADING to +2 animal skin.
  2054 | D:3      | 2054 ||| DROPPING +0 robe.
  2055 | D:3      | 2055 ||| READING scroll labelled URIONAZX KIBI.
  2056 | D:3      | 2056 ||| READING 2 scrolls labelled KOAMOD BAKHAL.
  2056 | D:3      | 2056 ||| ENCHANTING +2 heavy sling.
  2057 | D:3      | 2057 ||| READING scroll labelled CEIKHA YWNISM.
  2066 | Sewer    | Entered a sewer
  2130 | Sewer    | Reached XP level 7. HP: 12/37 MP: 4/8
  2131 | Sewer    | Reached skill level 6 in Ranged Weapons
  2478 | Sewer    | 2478 ||| DRINKING 3 glowing dark potions.
  2478 | Sewer    | Gained mutation: You are partially covered in large bone
                  | plates. (SH +4) [potion of mutation]
  2478 | Sewer    | Gained mutation: You are weak. (Str -2) [potion of
                  | mutation]
  2482 | D:3      | 2482 ||| PLANNING D:1-11
  2554 | D:3      | Found a broken altar of Ashenzari.
  2834 | D:4      | Found Qekkext's Magic Scroll Emporium.
  2838 | D:4      | 2838 ||| SHOPLISTING scroll of acquirement (624 gold, have
                  | 142).
  2838 | D:4      | 2838 ||| BUYING scroll of brand weapon (114 gold).
  2838 | D:4      | Bought a scroll of brand weapon for 114 gold pieces
  2838 | D:4      | 2838 ||| BUYING scroll of identify (24 gold).
  2838 | D:4      | Bought a scroll of identify for 24 gold pieces
  2838 | D:4      | 2838 ||| SHOPLISTING scroll of identify (24 gold, have 4).
  2932 | D:4      | Found a hazy altar of Hepliaklqana.
  2946 | D:4      | Reached skill level 7 in Ranged Weapons
  2950 | D:4      | 2950 ||| FLEEEEING.
  2951 | D:4      | 2951 ||| FLEEEEING.
  2952 | D:4      | 2952 ||| FLEEEEING.
  2953 | D:4      | 2953 ||| FLEEEEING.
  2954 | D:4      | 2954 ||| FLEEEEING.
  2955 | D:4      | 2955 ||| FLEEEEING.
  2956 | D:4      | 2956 ||| FLEEEEING.
  2957 | D:4      | 2957 ||| FLEEEEING.
  2958 | D:4      | 2958 ||| FLEEEEING.
  2959 | D:4      | 2959 ||| FLEEEEING.
  2961 | D:4      | 2961 ||| FLEEEEING.
  2962 | D:4      | 2962 ||| FLEEEEING.
  2963 | D:4      | 2963 ||| FLEEEEING.
  2964 | D:4      | 2964 ||| FLEEEEING.
  2965 | D:4      | 2965 ||| FLEEEEING.
  2966 | D:4      | 2966 ||| FLEEEEING.
  2967 | D:4      | 2967 ||| FLEEEEING.
  2968 | D:4      | 2968 ||| FLEEEEING.
  2969 | D:4      | 2969 ||| FLEEEEING.
  2970 | D:4      | 2970 ||| FLEEEEING.
  2971 | D:4      | 2971 ||| FLEEEEING.
  2972 | D:4      | 2972 ||| FLEEEEING.
  2973 | D:4      | 2973 ||| FLEEEEING.
  2978 | D:4      | 2978 ||| FLEEEEING.
  3156 | D:4      | Found a runed translucent door.
  3157 | D:4      | Noticed qw's ghost (amateur DEHu)
  3195 | D:4      | Found an ornate altar of the Wu Jian Council.
  3312 | D:4      | 3312 ||| READING 4 scrolls of identify.
  3312 | D:4      | 3312 ||| IDENTIFYING golden potion
  3313 | D:4      | 3313 ||| READING 3 scrolls of identify.
  3313 | D:4      | 3313 ||| IDENTIFYING glowing purple potion
  3314 | D:4      | 3314 ||| READING 2 scrolls of identify.
  3314 | D:4      | 3314 ||| IDENTIFYING fuming sapphire potion
  3315 | D:4      | 3315 ||| READING scroll of identify.
  3315 | D:4      | 3315 ||| IDENTIFYING grey potion
  3316 | D:4      | 3316 ||| READING 3 scrolls labelled YRRAIN DI ISI.
  3317 | D:4      | 3317 ||| DRINKING 2 green potions.
  3318 | D:4      | 3318 ||| DROPPING potion of degeneration.
  3319 | D:4      | 3319 ||| DROPPING potion of invisibility.
  3320 | D:4      | 3320 ||| DROPPING potion of brilliance.
  3321 | D:4      | 3321 ||| DROPPING potion of magic.
  3322 | D:4      | 3322 ||| DROPPING 2 scrolls of fog.
  3350 | D:5      | Entered Level 5 of the Dungeon
  3353 | D:5      | 3353 ||| STAIRDANCE
  3362 | D:5      | 3362 ||| STAIRDANCE
  3385 | D:5      | 3385 ||| FLEEEEING.
  3387 | D:5      | 3387 ||| FLEEEEING.
  3388 | D:5      | 3388 ||| FLEEEEING.
  3390 | D:5      | 3390 ||| STAIRDANCE
  3409 | D:5      | 3409 ||| STAIRDANCE
  3474 | D:5      | Reached XP level 8. HP: 42/42 MP: 9/9
  3496 | D:5      | Reached skill level 8 in Ranged Weapons
  3871 | D:5      | 3871 ||| UPGRADING to amulet of faith.
  3876 | D:5      | 3876 ||| READING scroll labelled SOCWUAWADD.
  3876 | D:5      | 3876 ||| ENCHANTING +2 heavy sling.
  3877 | D:5      | 3877 ||| READING scroll labelled LUQUOT XUUTRU.
  3920 | D:6      | 3920 ||| FLEEEEING.
  3921 | D:6      | 3921 ||| FLEEEEING.
  3922 | D:6      | 3922 ||| FLEEEEING.
  3925 | D:6      | 3925 ||| STAIRDANCE
  3978 | D:6      | 3978 ||| STAIRDANCE
  4033 | D:6      | 4033 ||| STAIRDANCE
  4071 | D:6      | 4071 ||| STAIRDANCE
  4156 | D:6      | 4156 ||| STAIRDANCE
  4188 | D:6      | 4188 ||| STAIRDANCE
  4194 | D:6      | 4194 ||| STAIRDANCE
  4244 | D:6      | 4244 ||| STAIRDANCE
  4244 | D:6      | HP: 10/42 [electric eel/bolt of electricity (9)]
  4425 | D:6      | 4425 ||| RETREEEEATING.
  4427 | D:6      | 4427 ||| RETREEEEATING.
  4434 | D:6      | 4434 ||| DRINKING 2 potions of haste.
  4444 | D:6      | Reached skill level 9 in Ranged Weapons
  4451 | D:6      | HP: 4/42 [orc priest/divine providence (13)]
  4452 | D:6      | 4452 ||| READING 4 scrolls of teleportation.
  4453 | D:6      | 4453 ||| DRINKING potion of heal wounds.
  4456 | D:6      | HP: 4/42 [orc priest/divine providence (11)]
  4457 | D:6      | Slain by an orc priest

Levels and vault maps discovered:
D:1:      erik_arrival_blinker_ship, layout_basic,
          shapermc_ecumenical_altar_venn, serial_shops,
          nicolae_shop_behind_doors
D:2:      layout_basic
D:3:      layout_loops_ring, lemuel_coloured_pillars_altar,
          chequers_temple_overflow_minitemple, portal_sewer_entry_d,
          roderic_batcave, kennysheep_generic_room_15, uniq_robin, uniq_terence,
          uniq_grinder
D:4:      layout_basic, old_standard_altar, nzn_wu_jian_council_hall,
          serial_shops, nicolae_shop_stone, ebering_ghost_reflecting_pool
D:5:      layout_rooms, minivault_14
D:6:      layout_basic, nicolae_hexahallways, hangedman_decor_peaks_small,
          kennysheep_diamond, kennysheep_boxes

Skill      XL: |  1  2  3  4  5  6  7  8 |
---------------+-------------------------+-----
Dodging        | 3 4 6 7 8 |  8.7
Ranged Weapons | 5 7 9 |  9.1
Fighting       | 3 |  3.8
Stealth        | |  1.5

Action                     |  1- 3 |  4- 6 |  7- 9 || total
---------------------------+-------+-------+-------++-------
  Melee: Unarmed           |       |     9 |       ||     9
   Fire: Shortbow          |     8 |       |       ||     8
         Sling             |    52 |    62 |   177 ||   291
  Evoke: Wand              |       |    19 |       ||    19
    Use: Scroll            |     5 |     4 |     8 ||    17
         Potion            |     1 |     1 |     4 ||     6
   Stab: Confused          |       |     3 |       ||     3
 Armour: Robe              |    13 |    12 |       ||    25
         Skin              |       |     2 |       ||     2
         Animal skin       |       |     1 |    54 ||    55
  Dodge: Dodged            |    25 |    59 |   178 ||   262
  Block: Other             |       |       |    24 ||    24

Table legend:
 A = Non-vault XP
 B = Vault XP
 C = Vault XP percentage of total XP
 D = Non-vault monster count
 E = Vault monster count
 F = Vault count percentage of total count
                 A         B        C        D         E       F
            +---------+---------+-------+---------+---------+-------
      Total |    1688 |     699 |  29.3 |      73 |      47 |  39.2
            +---------+---------+-------+---------+---------+-------
        D:1 |      18 |       0 |   0.0 |       9 |       0 |   0.0
        D:2 |      56 |       0 |   0.0 |       9 |       0 |   0.0
        D:3 |     151 |     403 |  72.7 |      15 |      24 |  61.5
        D:4 |     240 |       0 |   0.0 |      11 |       0 |   0.0
        D:5 |     667 |       0 |   0.0 |      20 |       0 |   0.0
        D:6 |     556 |       0 |   0.0 |       9 |       0 |   0.0
      Sewer |       0 |     296 | 100.0 |       0 |      23 | 100.0
            +---------+---------+-------+---------+---------+-------
